 Dungeon Crawl Stone Soup version bcrawl-1.41.1 (webtiles) character file.

Game seed: 17472710741602900272

24232372 Artagas the Acrobat (level 26, 179/179 HPs)
             Began as a Jungle Stalker Monk on Apr 11, 2024.
             Was the Champion of Wu Jian.
             Escaped with the Orb
             ... and 3 runes on Apr 14, 2024!
             The game lasted 02:33:15 (39804 turns).

Artagas the Acrobat (Jungle Stalker Monk)          Turns: 39804, Time: 02:33:15

Health: 179/179    AC: 45    Str: 26    XL:     26   Next: 55%
Magic:  28/28      EV: 29    Int:  8    God:    Wu Jian [******]
Gold:   1744       SH: 39    Dex: 32    Spells: 25/25 levels left

rFire    + . .     GDR:     49% i - +6 quick blade (flame)
rCold    + . .     SeeInvis +   c - +9 large shield of the Unbroken {rElec MR+}
rNeg     + . .     Gourm    .   F - +10 plate armour of the Skies Above {rCorr Str+2 Int-2 SInv}
rPois    +         Faith    .   u - +0 mask of the Dragon {MR+ Slay+3 SInv}
rElec    +         Spirit   .   E - +2 cloak {MR+}
rCorr    +         Reflect  +   Z - +2 pair of gloves {Str+3}
MR       +++++                  M - +2 pair of boots of Dim Light {rF+ rC+ rN+}
Stlth    ..........             r - +6 amulet of reflection
HPRegen  1.59/turn              f - ring of Hoetos {AC+6 Dex+6 Stlth-}
MPRegen  0.21/turn              V - ring "Cuwn" {MR+ Dex+4 Slay+3 Stlth--}

@: studying Axes
A: fangs 3, blurry vision 1, poison resistance, regeneration 3, acidic bite, no
potion heal 3, rot immunity, strong jaws
0: Orb of Zot
}: 3/15 runes: decaying, silver, gossamer
a: Wall Jump, Serpent's Lash, Heavenly Storm, Renounce Religion


You escaped.
You worshipped Wu Jian.
Wu Jian was exalted by your worship.
You were not hungry.

You visited 9 branches of the dungeon, and saw 41 of its levels.
You visited 1 bazaar.
You also visited: Bailey, Ice Cave and Volcano.

You collected 6846 gold pieces.
You spent 5102 gold pieces at shops.

Inventory:

Hand Weapons
 i - a +6 quick blade of flaming (weapon)
   (You found it in a volcano)
Missiles
 b - 396 poisoned tomahawks (quivered)
 R - 4 throwing nets {=f}
Armour
 c - the +9 large shield of the Unbroken (worn) {rElec MR+}
   (You found it on level 3 of the Elven Halls)

   It insulates you from electricity.
   It affects your resistance to hostile enchantments.
 u - the +0 mask of the Dragon (worn) {MR+ Slay+3 SInv}
   (You found it on level 11 of the Dungeon)

   It affects your accuracy and damage with ranged weapons and melee attacks
   (+3).
   It affects your resistance to hostile enchantments.
   It lets you see invisible.
 w - +4 shadow dragon scales
   (You acquired it on level 2 of the Spider Nest)
 E - a +2 cloak of magic resistance (worn)
   (You found it on level 3 of the Vaults)
 F - the +10 plate armour of the Skies Above (worn) {rCorr Str+2 Int-2 SInv}
   (You found it on level 3 of the Vaults)

   It affects your strength (+2).
   It affects your intelligence (-2).
   It lets you see invisible.
   It provides partial protection from all sources of acid and corrosion.
 M - the +2 pair of boots of Dim Light (worn) {rF+ rC+ rN+}
   (You bought it in a shop in the Orcish Mines)

   It protects you from fire.
   It protects you from cold.
   It protects you from negative energy.
 Z - a +2 pair of gloves of strength (worn)
   (You acquired it on level 10 of the Dungeon)
Jewellery
 f - the ring of Hoetos (left hand) {AC+6 Dex+6 Stlth-}
   (You bought it in a shop on level 2 of the Vaults)

   [ring of protection]

   It affects your AC (+6).
   It affects your dexterity (+6).
   It makes you less stealthy.
 p - the ring "Fasku" {Fire rN+}
   (You bought it in a shop in the Orcish Mines)

   [ring of fire]

   It enhances your fire magic.
   It protects you from fire.
   It makes you vulnerable to cold.
   It protects you from negative energy.
 r - a +6 amulet of reflection (around neck)
   (You found it on level 3 of the Spider Nest)
 P - the ring "Puomewesh" {*Corrode +Blink rF+ AC+2}
   (You found it on level 3 of the Vaults)

   [ring of protection]

   It affects your AC (+2).
   It protects you from fire.
   It lets you blink.
   It may corrode you when you take damage.
 V - the ring "Cuwn" (right hand) {MR+ Dex+4 Slay+3 Stlth--}
   (You found it on level 9 of the Dungeon)

   [ring of attention]

   It affects your dexterity (+4).
   It affects your accuracy and damage with ranged weapons and melee attacks
   (+3).
   It affects your resistance to hostile enchantments.
   It makes you much less stealthy.
Wands
 m - a wand of acid (9)
   (You found it on level 2 of the Vaults)
 v - a wand of digging (1)
   (You found it on level 3 of the Swamp)
 I - a wand of charming (6)
   (You found it on level 6 of the Dungeon)
 L - a wand of clouds (2)
   (You found it on level 1 of the Depths)
 T - a wand of iceblast (18)
   (You found it on level 5 of the Dungeon)
 W - a wand of paralysis (9)
   (You found it on level 2 of the Spider Nest)
Scrolls
 g - 4 scrolls of fog
 q - a scroll of revelation
 t - 7 scrolls of teleportation
 z - 11 scrolls of blinking
 C - 4 scrolls of fear
 D - a scroll of immolation
 J - a scroll of summoning
 K - 4 scrolls of noise
 O - 19 scrolls of remove curse
 U - 2 scrolls of vulnerability
Potions
 a - 11 potions of brilliance
 d - 4 potions of might
 h - 4 potions of haste
 j - 6 potions of cancellation
 k - a potion of invisibility
 l - 7 potions of ambrosia
 n - a potion of resistance
 s - 5 potions of agility
 A - 2 potions of mutation
 B - 3 potions of magic
 G - 2 potions of berserk rage
 N - 5 potions of flight
 S - 15 potions of curing
 X - 6 potions of lignification
Miscellaneous
 o - a lamp of fire
   (You found it on level 1 of the Elven Halls)
 x - a lightning rod (4/4)
   (You found it on level 6 of the Lair of Beasts)
 y - 5 phantom mirrors
 H - a fan of gales (2/2)
   (You bought it in a shop in the Orcish Mines)
 Q - a phial of floods
   (You found it on level 10 of the Dungeon)
Comestibles
 e - 45 rations {!d}


   Skills:
 + Level 21.8 Fighting
 - Level 14.0 Short Blades
 + Level 17.5 Armour
 + Level 22.7 Dodging
 - Level 6.0 Stealth
 + Level 18.7 Shields
   Level 2.0 Invocations
 - Level 6.0 Evocations


You had 25 spell levels left.
You didn't know any spells.
Your spell library contained the following spells:

 Spells                   Type           Power        Failure   Level  Hunger
 Apportation              Tloc           #.....       100%        1    None
 Blink Other              Tloc           #.....       100%        1    None
 Flame Tongue             Conj/Fire      #....        100%        1    None
 Freeze                   Ice            #.....       100%        1    None
 Magic Dart               Conj           #...         100%        1    None
 Sandblast                Erth           #.....       100%        1    None
 Summon Small Mammal      Summ           #...         100%        1    None
 Blink                    Tloc           N/A          100%        2    ####...
 Call Imp                 Summ           #.....       100%        2    ####...
 Ensorcelled Hibernation  Hex/Ice        #.....       100%        2    ####...
 Flaming Arrows           Chrm/Fire      #.......     100%        2    ####...
 Passwall                 Tmut/Erth      #.......     100%        2    ####...
 Poisonous Vapours        Pois/Air       #.....       100%        2    ####...
 Searing Ray              Conj           #.......     100%        2    ####...
 Throw Frost              Conj/Ice       #.....       100%        2    ####...
 Call Canine Familiar     Summ           #.......     100%        3    #####..
 Conjure Flame            Conj/Fire      #.......     100%        3    #####..
 Inner Flame              Hex/Fire       N/A          100%        3    #####..
 Iskenderun's Mystic Bla  Conj           #.......     100%        3    #####..
 Mephitic Cloud           Conj/Pois/Air  #.......     100%        3    #####..
 Ozocubu's Armour         Chrm/Ice       #.......     100%        3    #####..
 Portal Projectile        Tloc           #.....       100%        3    #####..
 Spider Form              Tmut/Pois      #..          100%        3    #####..
 Stone Arrow              Conj/Erth      #.....       100%        3    #####..
 Teleport Other           Tloc           #.......     100%        3    #####..
 Agony                    Necr           #.......     100%        4    ######.
 Airstrike                Air            #.........   100%        4    ######.
 Force Lance              Tloc           #.......     100%        4    ######.
 Fulminant Prism          Conj/Hex       #.........   100%        4    ######.
 Ice Form                 Ice/Tmut       #.......     100%        4    ######.
 Petrify                  Tmut/Erth      #.........   100%        4    ######.
 Sticky Flame             Conj/Fire      #.......     100%        4    ######.
 Summon Ice Beast         Ice/Summ       #.......     100%        4    ######.
 Throw Icicle             Conj/Ice       #.......     100%        4    ######.
 Tree Form                Hex/Tmut       N/A          100%        4    ######.
 Bolt of Draining         Conj/Necr      #.........   100%        5    #######
 Dispel Undead            Necr           #.......     100%        5    #######
 Fireball                 Conj/Fire      #.........   100%        5    #######
 Freezing Cloud           Ice/Air        #.......     100%        5    #######
 Irradiate                Conj/Tmut      #.........   100%        5    #######
 Iskenderun's Battlesphe  Conj/Chrm      #.......     100%        5    #######
 Lee's Rapid Deconstruct  Erth           #.........   100%        5    #######
 Metabolic Englaciation   Hex/Ice        #.........   100%        5    #######
 Silence                  Hex/Air        #.........   100%        5    #######
 Steam Barrier            Chrm/Fire      #.........   100%        5    #######
 Summon Lightning Spire   Summ/Air       #.......     100%        5    #######
 Bolt of Cold             Conj/Ice       #.........   100%        6    #######
 Borgnjor's Vile Clutch   Necr/Erth      #.........   100%        6    #######
 Darkness                 Hex            #.........   100%        6    #######
 Death Channel            Chrm/Necr      #.........   100%        6    #######
 Deflect Missiles         Chrm/Air       #.........   100%        6    #######
 Infestation              Hex/Tmut/Pois  #........    100%        6    #######
 Iron Shot                Conj/Erth      #.........   100%        6    #######
 Ozocubu's Refrigeration  Ice            #.........   100%        6    #######
 Poison Arrow             Conj/Pois      #.........   100%        6    #######
 Simulacrum               Ice/Necr       #.......     100%        6    #######
 Statue Form              Tmut/Erth      #........    100%        6    #######
 Blight                   Necr/Pois      #........    100%        7    #######
 Dragon Form              Tmut           #......      100%        7    #######
 Haunt                    Necr/Summ      #.........   100%        7    #######
 Icicle Burst             Conj/Ice       #.........   100%        7    #######
 Shadow Creatures         Summ           N/A          100%        7    #######
 Necromutation            Tmut/Necr      #.......     100%        8    #######
 Time Stop                Chrm/Tloc      N/A          100%        8    #######
 Tornado                  Tloc/Air       #.........   100%        8    #######


Dungeon Overview and Level Annotations

Branches:
Dungeon (12/12)            Temple (0/1) D:5            Lair (6/6) D:8
  Swamp (3/3) Lair:2       Spider (3/3) Lair:2        Slime (0/5) Orc
    Orc (1/1) D:11            Elf (3/3) Lair:6       Vaults (3/3) D:12
  Crypt (0/2) Vaults:2     Depths (5/5) D:12            Zot (5/5) Depths:5

Altars:
Ashenzari
Fedhas
Gozag
Hepliaklqana
Lugonu
Makhleb
Nemelex Xobeh
Okawaru
Qazlal
Ru
Vehumet
Wu Jian
Xom
The Shining One
Jiyva

Shops:
D:5 %   D:8 :   D:10 *   D:12 !   Orc [%[!}:=[   Elf:2 =   Vaults:1 (
Vaults:2 =*=

Portals:
Hell: Depths:1 Depths:2 Depths:3
Abyss: D:1 Spider:2 Depths:2
Trove: Depths:1 (give 11 scrolls of teleportation)

Annotations:
Lair:1 exclusion: hydra
Lair:4 1 runed door
Lair:5 1 runed door
Elf:3 3 runed translucent doors
Depths:2 10 runed doors


Innate Abilities, Weirdness & Mutations

You have razor-sharp teeth.
Your system is resistant to poisons. (rPois)
You regenerate.
You have acidic saliva.
Potions cannot restore your health.
You are immune to rotting.
Your bites deal extra damage.
Scrolls take you a little longer to read.


Message History

Where to? (Enter - D:1 @ (x,y), ? - help)
You see here a +0 dagger.
There is a stone staircase leading up, spattered with blood here.
You climb upwards.
There is a stone staircase leading down here.
A ynoxinul comes into view.
The ynoxinul bellows!
Axiqaj comes into view.
There is a stone staircase leading up here.
A rune on the stairs sparks and fizzles.
You climb upwards.
There is a stone staircase leading down here.
(D) Dungeon (T) Temple (L) Lair (S) Swamp (N) Spider Nest (M) Slime Pits (O) Orcish Mines (E) Elven Halls (V) Vaults (C) Crypt (U) Depths (H) Hell (Z) Zot
Where to? (Enter - D:1 @ (x,y), ? - help)
An Orb Guardian comes into view.
You puncture the Orb Guardian! You burn the Orb Guardian.
Your bite misses the Orb Guardian.
The Orb Guardian is moderately wounded.
You hit the Orb Guardian. You burn the Orb Guardian. You bite the Orb Guardian!
The Orb Guardian is splashed with acid.
The acid corrodes the Orb Guardian!
The Orb Guardian is heavily wounded.
You puncture the Orb Guardian! You burn the Orb Guardian.
You bite the Orb Guardian!
The Orb Guardian is splashed with acid.
The Orb Guardian is almost dead.
You block the Orb Guardian's attack.
You impale the Orb Guardian!! You burn the Orb Guardian.
You kill the Orb Guardian!
The Council accepts your kill.
Your life force feels restored.
(D) Dungeon (T) Temple (L) Lair (S) Swamp (N) Spider Nest (M) Slime Pits (O) Orcish Mines (E) Elven Halls (V) Vaults (C) Crypt (U) Depths (H) Hell (Z) Zot
Where to? (Enter - D:1 @ (x,y), ? - help)
Okay, then.
(D) Dungeon (T) Temple (L) Lair (S) Swamp (N) Spider Nest (M) Slime Pits (O) Orcish Mines (E) Elven Halls (V) Vaults (C) Crypt (U) Depths (H) Hell (Z) Zot
Where to? (Enter - D:1 @ (x,y), ? - help)
There is a stone staircase leading up here.
You climb upwards.
There is a stone staircase leading down here.
There is an escape hatch in the ceiling, spattered with blood here.
A mysterious force pulls you upwards. The hatch slams shut behind you.
You see here 136 stones.
There is a stone staircase leading up here.
You climb upwards.
There is a stone staircase leading down here.
A smoke demon comes into view.
The smoke demon gestures at you.
The ball of steam hits you but does no damage.
No target in view!
A blizzard demon comes into view.
The smoke demon gestures at you.
The sticky flame reflects off an invisible shield around you!
The sticky flame hits the smoke demon.
The smoke demon completely resists.
The blizzard demon moves out of view.
You puncture the smoke demon! You burn the smoke demon.
The smoke demon is heavily wounded.
You puncture the smoke demon!
The smoke demon is severely wounded.
The smoke demon gestures at you. You resist. The sticky flame hits you.
You are covered in liquid flames!
You puncture the smoke demon!
You kill the smoke demon!
The Council accepts your kill.
You are covered in liquid flames!
You are covered in liquid flames!
The blizzard demon gestures at you. The bolt of cold misses you.
You are covered in liquid flames!
You are covered in liquid flames!
You puncture the blizzard demon! You burn the blizzard demon.
You bite the blizzard demon.
The blizzard demon is splashed with acid!
The acid corrodes the blizzard demon!
The blizzard demon is heavily wounded.
You are covered in liquid flames!
The blizzard demon gestures at you. You resist. The bolt of cold hits you!
You impale the blizzard demon!! You burn the blizzard demon!
You kill the blizzard demon!
The Council accepts your kill.
You are covered in liquid flames!
No target in view!
You are covered in liquid flames!
Things that are here:
a +0 club; 5 stones; a +0 dagger Evoke which item? (* to show all) (? for menu, Esc to quit)
Aiming: Dig
Press: ? - help, Shift-Dir - straight line This square is covered in magical glow.
The rock shatters into small pieces.
There is a staircase leading out of the dungeon here.
You have escaped!

##################
#.#..#...##.##...#
#..##..##.##...#..
###.....#.#.(...#.
#..#.##.##).##.##.
#.#....#.#..#...#.
##.#.###.##...#..#
##...###.#.#..#...#
#.@###..##.##......
#.#.#...#.##.#..##..
####.######.#...#..#
####.#...#..#...#.
#.#.#.###.##....#.
#..#..#.#...##...#
##..##.##.##....#.
#..#..#.##...##...
##################


There were no monsters in sight!

Vanquished Creatures
  A juggernaut (Depths:5)
  5 orbs of fire (Zot:5)
  Mara (Depths:4)
  2 ancient liches
  4 Killer Klowns (Zot:5)
  Bai Suzhen (Vaults:1)
  5 golden dragons
  Nikola (Depths:1)
  A profane servitor (D:12)
  2 electric golems (Zot:5)
  A Shadow Fiend (D:11)
  A pandemonium lord (D:11)
  Frances (D:10)
  23 Orb Guardians
  An Ice Fiend (IceCv)
  8 tentacled monstrosities
  2 deep elf master archers (Elf:3)
  2 deep elf blademasters
  A lich (Depths:4)
  3 quicksilver dragons
  A titan (Depths:1)
  An Executioner (Depths:2)
  A sphinx (Depths:4)
  4 death cobs
  3 thorn hunters
  4 shadow dragons
  4 tengu reavers (Vaults:3)
  6 storm dragons
  A revenant (Vaults:2)
  2 draconian knights
  A blood saint (D:11)
  2 draconian monks (Zot:5)
  6 frost giants
  A war gargoyle (Vaults:3)
  12 vault wardens
  An iron dragon (Vaults:3)
  8 deep elf sorcerers
  14 fire giants
  An orc warlord (Vaults:2)
  2 ghost moths (Spider:3)
  A cacodemon (Zot:1)
  10 stone giants
  5 draconian shifters
  2 deep elf elementalists (Elf:3)
  9 emperor scorpions
  A black sun (D:11)
  3 draconian annihilators
  10 ironheart preservers
  2 draconian scorchers (Zot:1)
  2 very ugly things (Depths:3)
  5 deep elf demonologists
  8 black draconians
  9 deep elf annihilators
  9 red draconians
  A vampire knight (Vaults:2)
  5 dire elephants
  5 green draconians (Zot:5)
  8 yellow draconians
  A spark wasp (Spider:3)
  5 white draconians
  2 entropy weavers (Spider:3)
  6 deep elf death magi
  4 purple draconians
  A merfolk javelineer (Depths:3)
  2 blizzard demons
  8 ettins
  4 fire dragons
  Urug (Lair:1)
  3 deep elf high priests
  Harold (D:10)
  10 yaktaur captains
  A spriggan air mage (Depths:2)
  Psyche (D:8)
  23 hydras
  A rakshasa (Depths:1)
  3 ghost crabs (Swamp:3)
  2 catoblepae (D:11)
  3 ice dragons
  2 shambling mangroves
  2 shadow wraiths
  36 vault guards
  A caustic shrike simulacrum (Depths:2)
  8 great orbs of eyes
  12 ogre magi
  28 dancing weapons
  3 alligators
  2 tengu warriors
  3 deep troll earth magi
  4 deep troll shamans
  43 two-headed ogres
  5 death yaks
  A spriggan berserker (Depths:2)
  A vampire mage (D:12)
  A shock serpent (shapeshifter) (Vaults:3)
  19 deep elf knights
  2 ironheart beastmasters
  6 orc high priests
  2 soul eaters
  14 deep trolls
  Nergalle (Lair:1)
  8 centaur warriors
  A death drake (Swamp:2)
  19 hell knights
  2 skeletal warriors (D:12)
  A sixfirhy (Zot:1)
  2 goliath frogs
  A salamander mystic (Volcano)
  An iron troll (Depths:1)
  2 unseen horrors (D:11)
  A spriggan druid (Swamp:3)
  9 swamp dragons
  23 deep elf archers
  A death drake (shapeshifter) (Vaults:3)
  A glowing orange brain (Vaults:3)
  12 wizards
  7 phantasmal warriors
  5 cyclopes
  8 ironheart convokers
  7 orc knights
  30 wolf spiders
  3 wolf spider zombies
  62 deep elf magi
  3 necromancers
  5 salamanders (Volcano)
  13 orb spiders
  41 ugly things
  A frost giant zombie (D:12)
  4 orc sorcerers
  A fire giant zombie (D:12)
  A manticore (D:11)
  A black mamba (shapeshifter) (Vaults:3)
  A stone giant skeleton (D:12)
  Joseph (D:7)
  11 moths of wrath
  4 elephants (Lair:5)
  2 black mambas
  2 ice statues (IceCv)
  20 will-o'-wisps
  A guardian serpent (Elf:3)
  13 vault sentinels
  4 gargoyles
  A spriggan zombie (Depths:1)
  A smoke demon (D:1)
  2 torpor snails (Spider:3)
  A molten gargoyle (Volcano)
  A rime drake (Lair:4)
  10 demonic crawlers
  27 cane toads
  An efreet (Zot:1)
  8 komodo dragons
  33 yaktaurs
  A yaktaur zombie (D:12)
  A kobold demonologist (D:11)
  3 freezing wraiths (Vaults:3)
  27 jumping spiders
  A golden dragon simulacrum (Depths:1)
  A yaktaur (shapeshifter) (D:11)
  An entropy weaver simulacrum (Vaults:1)
  7 tengu conjurers
  13 ice devils (IceCv)
  A queen bee (shapeshifter) (Depths:3)
  6 trolls
  8 tyrant leeches
  A meliai (shapeshifter) (D:11)
  6 meliai
  23 hornets
  4 harpy skeletons
  A sphinx simulacrum (Vaults:2)
  24 blink frogs
  37 slime creatures
  5 dream sheep
  Prince Ribbit (D:6)
  4 bog bodies
  12 hippogriffs
  3 air elementals
  A spriggan (shapeshifter) (Vaults:3)
  6 spriggans
  22 tarantellas
  2 wyverns
  6 water elementals
  A hog (shapeshifter) (Vaults:3)
  11 humans
  3 wraiths
  6 fire bats (Volcano)
  3 hogs (D:7)
  32 yaks
  25 fire elementals
  A human (shapeshifter) (Vaults:2)
  2 hungry ghosts
  4 basilisks
  37 redbacks
  8 swamp worms
  A warg (shapeshifter) (Depths:1)
  A warg (Orc)
  Edmund (D:6)
  16 vampire mosquitoes
  3 acid dragons
  Duvessa (D:7)
  9 crocodiles
  7 water moccasins
  11 porcupines
  13 swamp drakes
  A soldier ant (D:11)
  48 orc warriors
  5 sky beasts
  A black bear (D:5)
  4 phantoms
  A black bear (shapeshifter) (Vaults:2)
  3 boggarts (Vaults:2)
  31 ogres
  An ice beast (D:12)
  A necrophage (D:11)
  16 wolves
  18 bullfrogs
  A kobold brigand (D:11)
  2 earth elementals
  3 centaurs
  5 scorpions
  Dowan (D:7)
  13 wights
  7 howler monkeys
  3 electric eels (Bailey)
  21 orc priests
  7 lava snakes (Volcano)
  8 crimson imps
  A human simulacrum (Vaults:1)
  4 jellies
  2 hounds
  16 orc wizards
  Crazy Yiuf (D:6)
  A bullfrog skeleton (D:6)
  3 iguanas
  3 hell rats (D:8)
  7 worker ants
  A hound zombie (D:5)
  A howler monkey zombie (D:4)
  A worker ant zombie (D:9)
  19 gnolls
  6 adders
  A river rat (D:8)
  2 shadow imps
  6 white imps (IceCv)
  5 ufetubi (IceCv)
  2 oozes
  3 adder skeletons
  4 worms
  2 dart slugs
  3 leopard geckos
  104 orcs
  5 bats
  4 giant cockroaches
  15 goblins
  8 hobgoblins
  5 jackals
  4 quokkas
  2 frilled lizards
  8 kobolds
  6 rats
  7 briar patches
  A butterfly (D:6)
  A lurking horror (Spider:2)
1823 creatures vanquished.

Vanquished Creatures (collateral kills)
  A death yak (D:8)
  A basilisk (Lair:1)
2 creatures vanquished.

Vanquished Creatures (others)
  Asterion (Spider:2)
  A deep elf master archer (Elf:3)
  A fire giant (Vaults:2)
  2 stone giants (Vaults:3)
  2 deep elf annihilators (Elf:3)
  3 deep elf demonologists (Elf:3)
  A merfolk javelineer (Depths:3)
  3 deep elf death magi (Elf:3)
  2 deep elf high priests (Elf:3)
  A deep elf knight (Vaults:3)
  A centaur warrior (Vaults:1)
  A cyclops (Vaults:1)
  2 deep elf archers (Elf:3)
  An ugly thing (D:8)
  4 deep elf magi (Elf:3)
  2 moths of wrath (Zot:5)
  A demonic crawler (Spider:3)
  4 yaktaurs
  A tarantella (Spider:2)
  An orc warrior (D:10)
  An orc priest (Elf:1)
  2 white imps (IceCv)
  5 ufetubi (IceCv)
  An orc (Vaults:2)
  4 briar patches
  6 fungi
  A lurking horror (Spider:2)
  50 plants
  11 toadstools (Lair:5)
  3 withered plants (D:12)
119 creatures vanquished.

Grand Total: 1944 creatures vanquished

Notes
Turn   | Place    | Note
-------+----------+-------------------------------------------
     0 | D:1      | Artagas the Vine Stalker Monk began the quest for the Orb.
     0 | D:1      | Reached XP level 1. HP: 13/13 MP: 3/3
    96 | D:1      | Reached XP level 2. HP: 18/18 MP: 2/4
   271 | D:1      | Reached skill level 3 in Fighting
   276 | D:1      | Reached skill level 3 in Short Blades
   661 | D:1      | Found a one-way gate to the infinite horrors of the Abyss.
   661 | D:1      | Found a corrupted altar of Lugonu.
   661 | D:1      | Noticed a demonic crawler
   661 | D:1      | Noticed a demonic crawler
   676 | D:1      | Reached XP level 3. HP: 19/23 MP: 5/5
   823 | D:2      | Reached skill level 4 in Stealth
  1001 | D:2      | Found a hazy altar of Hepliaklqana.
  1296 | D:2      | Reached XP level 4. HP: 25/28 MP: 3/6
  1760 | D:2      | Reached skill level 5 in Stealth
  1760 | D:2      | Reached XP level 5. HP: 23/32 MP: 3/7
  2466 | D:3      | HP: 1/33 [orc priest/nerve-wracking pain (11)]
  2468 | D:3      | Reached skill level 4 in Fighting
  2468 | D:3      | Reached skill level 4 in Short Blades
  2468 | D:3      | Gained mutation: You have razor-sharp teeth. [Vine Stalker
                  | growth]
  2468 | D:3      | Reached XP level 6. HP: 2/38 MP: 0/8
  2757 | D:3      | Found a sacrificial altar of Ru.
  3205 | D:3      | Reached skill level 6 in Stealth
  3387 | D:4      | Found an ornate altar of the Wu Jian Council.
  3392 | D:4      | Became a worshipper of the Wu Jian Council
  3392 | D:4      | Reached * piety under Wu Jian
  3392 | D:4      | Reached ** piety under Wu Jian
  3450 | D:4      | Found an opulent altar of Gozag.
  4105 | D:4      | Reached XP level 7. HP: 44/44 MP: 9/9
  4180 | D:5      | Entered Level 5 of the Dungeon
  4197 | D:5      | Reached skill level 5 in Short Blades
  4220 | D:5      | Reached skill level 5 in Fighting
  4346 | D:5      | Found Xosov's Food Emporium.
  4499 | D:4      | Gained mutation: You have acidic saliva. [Jungle Stalker
                  | growth]
  4499 | D:4      | Gained mutation: Your system is resistant to poisons.
                  | (rPois) [Jungle Stalker growth]
  4499 | D:4      | Reached XP level 8. HP: 24/51 MP: 8/10
  4598 | D:4      | Reached skill level 6 in Fighting
  4598 | D:4      | Reached skill level 6 in Short Blades
  4621 | D:5      | Found a staircase to the Ecumenical Temple.
  5671 | D:6      | Noticed a hippogriff
  5684 | D:6      | Killed a hippogriff
  5685 | D:6      | Reached skill level 1 in Armour
  5685 | D:6      | Reached skill level 1 in Evocations
  5766 | D:6      | Found a shimmering altar of Xom.
  5843 | D:6      | Found a burning altar of Makhleb.
  6012 | D:6      | Noticed Edmund
  6041 | D:6      | Killed Edmund
  6042 | D:6      | Reached skill level 4 in Dodging
  6042 | D:6      | Reached XP level 9. HP: 33/56 MP: 10/11
  6054 | D:6      | Noticed Prince Ribbit
  6074 | D:6      | Killed Prince Ribbit
  6075 | D:6      | Reached skill level 7 in Fighting
  6075 | D:6      | Reached skill level 7 in Short Blades
  6075 | D:6      | Reached skill level 2 in Armour
  6075 | D:6      | Reached skill level 2 in Evocations
  6199 | D:6      | Found a runed door.
  6441 | D:6      | Noticed Crazy Yiuf
  6445 | D:6      | Killed Crazy Yiuf
  6668 | D:6      | Reached skill level 5 in Dodging
  6670 | D:6      | Reached skill level 3 in Evocations
  6726 | D:7      | Reached *** piety under Wu Jian
  6729 | D:7      | Noticed Joseph
  6892 | D:8      | Reached skill level 3 in Armour
  7082 | D:8      | Found an iron altar of Okawaru.
  7109 | D:8      | Noticed a death yak
  7115 | D:8      | Reached XP level 10. HP: 40/63 MP: 8/13
  7144 | D:8      | Noticed a brown ugly thing
  7145 | D:8      | Found a staircase to the Lair.
  7146 | D:8      | Noticed a death yak
  7151 | D:8      | Noticed a death yak
  7158 | D:8      | Killed a death yak
  7159 | D:8      | Reached skill level 8 in Fighting
  7159 | D:8      | Reached skill level 8 in Short Blades
  7159 | D:8      | Reached skill level 6 in Dodging
  7159 | D:8      | Reached skill level 1 in Shields
  7159 | D:8      | Reached skill level 4 in Evocations
  7163 | D:8      | Noticed a two-headed ogre
  7164 | D:8      | Killed a death yak
  7165 | D:8      | Reached skill level 2 in Shields
  7172 | D:8      | Reached skill level 3 in Shields
  7179 | D:8      | Killed a death yak
  7179 | D:8      | Killed a two-headed ogre
  7179 | D:8      | Reached skill level 9 in Short Blades
  7179 | D:8      | Reached skill level 4 in Shields
  7238 | D:8      | Reached skill level 9 in Fighting
  7441 | D:8      | Reached XP level 11. HP: 39/71 MP: 6/15
  7715 | D:8      | Noticed Psyche
  7723 | D:8      | Killed Psyche
  7873 | D:8      | Found Deosof's Book Shoppe.
  8157 | Lair:1   | Entered Level 1 of the Lair of Beasts
  8207 | Lair:1   | Reached **** piety under Wu Jian
  8245 | Lair:1   | Noticed Urug
  8335 | Lair:1   | Noticed an eight-headed hydra
  8453 | Lair:1   | Reached skill level 10 in Short Blades
  8483 | Lair:1   | Reached skill level 10 in Fighting
  8535 | Lair:1   | Noticed Nergalle
  8544 | Lair:1   | Killed Nergalle
  8983 | Lair:1   | Killed Urug
  9086 | Lair:1   | Gained mutation: You heal very quickly. [Jungle Stalker
                  | growth]
  9086 | Lair:1   | Reached XP level 12. HP: 78/78 MP: 16/16
  9199 | Lair:1   | Reached skill level 4 in Armour
  9213 | Lair:1   | Reached skill level 7 in Dodging
  9393 | Lair:1   | Reached skill level 5 in Shields
  9740 | Lair:2   | Found a hole to the Spider Nest.
 10079 | Lair:2   | Noticed a seven-headed hydra
 10904 | Lair:3   | Reached skill level 8 in Dodging
 10968 | Lair:3   | Reached skill level 11 in Short Blades
 10968 | Lair:3   | Reached skill level 5 in Armour
 10968 | Lair:3   | Reached skill level 6 in Shields
 10996 | Lair:3   | Got a coiled jade ring
 11098 | Lair:3   | Got a polished great mace
 11199 | Lair:3   | Identified the ring "Erempur" {Ice Slay+3} (You found it on
                  | level 3 of the Lair of Beasts)
 11650 | Lair:4   | Reached skill level 11 in Fighting
 11743 | Lair:4   | Noticed Sonja
 11748 | Lair:4   | Noticed Sonja
 11748 | Lair:4   | Sonja changed into Sonja the troll
 11761 | Lair:4   | Killed Sonja the troll
 12029 | Lair:4   | Found a runed door.
 12407 | Lair:5   | Reached ***** piety under Wu Jian
 12533 | Lair:5   | Noticed a four-headed hydra
 12559 | Lair:5   | Killed a four-headed hydra
 12560 | Lair:5   | Reached XP level 13. HP: 75/84 MP: 17/17
 12583 | Lair:5   | Reached skill level 6 in Armour
 12732 | Lair:5   | Found a burning altar of Makhleb.
 12889 | Lair:6   | Entered Level 6 of the Lair of Beasts
 13045 | Lair:6   | Reached skill level 12 in Short Blades
 13047 | Lair:6   | Reached skill level 12 in Fighting
 13109 | Lair:6   | Found a dark tunnel.
 13114 | Volcano  | Entered a volcano
 13441 | Volcano  | Found a radiant altar of Vehumet.
 13450 | Volcano  | HP: 10/87 [salamander/+2 spear (5)]
 13605 | Volcano  | Identified the +2 barding of Philately {rCorr}
 13610 | Volcano  | Reached skill level 13 in Short Blades
 13610 | Volcano  | Reached XP level 14. HP: 45/92 MP: 14/18
 13616 | Volcano  | Reached skill level 13 in Fighting
 14020 | Lair:6   | Found a staircase to the Elven Halls.
 14841 | Lair:5   | Got a bloodstained ring mail {@q1}
 14939 | Lair:5   | Identified the +2 ring mail of Depression {rN+++ Dex-3
                  | Slay+4, @q1} (You found it on level 5 of the Lair of
                  | Beasts)
 15213 | Lair:5   | Found a runed door.
 15624 | D:7      | Noticed Dowan
 15627 | D:7      | Killed Joseph
 15628 | D:7      | Killed Dowan
 15628 | D:7      | Noticed Duvessa
 15633 | D:7      | Killed Duvessa
 15732 | D:7      | Found a radiant altar of Vehumet.
 16111 | D:9      | Got a scintillating platinum ring
 16205 | D:9      | Got a bloodstained arbalest {@q1}
 16309 | D:9      | Identified the ring "Cuwn" {MR+ Dex+4 Slay+3 Stlth--} (You
                  | found it on level 9 of the Dungeon)
 16406 | D:9      | Found a glowing golden altar of the Shining One.
 16704 | D:9      | Found a stormy altar of Qazlal.
 16705 | D:9      | Found a blossoming altar of Fedhas.
 16706 | D:9      | Found a shattered altar of Ashenzari.
 16709 | D:9      | Found a sparkling altar of Nemelex Xobeh.
 17026 | D:10     | Entered Level 10 of the Dungeon
 17041 | D:10     | Reached skill level 14 in Short Blades
 17048 | D:10     | Reached skill level 14 in Fighting
 17062 | D:10     | Noticed Harold
 17067 | D:10     | Killed Harold
 17172 | D:10     | Found Aphad's Assorted Antiques.
 17180 | D:10     | Bought a glowing helmet for 217 gold pieces
 17180 | D:10     | Bought a scroll of teleportation for 87 gold pieces
 17280 | D:10     | Noticed Frances
 17292 | D:10     | Killed Frances
 17398 | D:10     | Found a flagged portal.
 17409 | Bailey   | Entered a bailey
 17447 | Bailey   | Found an iron altar of Okawaru.
 17732 | Bailey   | Got a shimmering flail
 17992 | D:10     | Identified the amulet of Immorality {Reflect +Inv Str+3
                  | SH+4} (You acquired it on level 10 of the Dungeon)
 18562 | D:11     | Reached XP level 15. HP: 94/101 MP: 19/19
 18706 | D:11     | Reached skill level 5 in Evocations
 18709 | D:11     | Identified the ring of Youthful Indiscretion {Str+5 Dex+4}
 18714 | D:11     | Reached skill level 7 in Shields
 18769 | D:11     | Reached skill level 7 in Armour
 18846 | D:11     | Found the +0 mask of the Dragon {MR+ Slay+3 SInv}
 18872 | D:11     | Got a scintillating gossamer ring
 18874 | D:11     | Identified the ring "Lowoziank" {MP+9 Int+4 SInv} (You
                  | found it on level 11 of the Dungeon)
 19149 | D:11     | Found a staircase to the Orcish Mines.
 19167 | D:11     | Found a roughly hewn altar of Beogh.
 19301 | D:12     | Entered Level 12 of the Dungeon
 19416 | D:12     | Reached skill level 15 in Fighting
 19443 | D:12     | Reached ****** piety under Wu Jian
 19444 | D:12     | Reached skill level 6 in Evocations
 19476 | D:12     | Found a gate to the Vaults.
 19594 | D:12     | Got a buzzing dagger
 20228 | Orc      | Entered the Orcish Mines
 20228 | Orc      | Found Ymioh's Armour Boutique.
 20235 | Orc      | Found Deocucsi's Food Boutique.
 20246 | Orc      | Found a roughly hewn altar of Beogh.
 20252 | Orc      | Reached skill level 8 in Shields
 20305 | Orc      | Reached skill level 8 in Armour
 20318 | Orc      | Found Seugupri's Book Shop.
 20318 | Orc      | Found Vuloazuk's Gadget Shop.
 20319 | Orc      | Found Etut's Armour Shop.
 20319 | Orc      | Found Giablor's Jewellery Boutique.
 20475 | Orc      | Bought the +2 pair of boots of Dim Light {rF+ rC+ rN+} for
                  | 714 gold pieces
 20522 | Orc      | Found a staircase to the Slime Pits.
 20522 | Orc      | Found a viscous altar of Jiyva.
 20728 | Orc      | Found Hadgheqa's Distillery.
 20728 | Orc      | Found Qemag's Armour Emporium.
 20751 | Orc      | Bought a potion of haste for 140 gold pieces
 20751 | Orc      | Bought a potion of curing for 35 gold pieces
 20751 | Orc      | Bought 2 potions of cancellation for 140 gold pieces
 20751 | Orc      | Bought a potion of curing for 35 gold pieces
 20751 | Orc      | Bought a potion of curing for 35 gold pieces
 20751 | Orc      | Bought a potion of degeneration for 14 gold pieces
 21007 | Spider:1 | Entered Level 1 of the Spider Nest
 21014 | Spider:1 | Gained mutation: You regenerate. [Jungle Stalker growth]
 21014 | Spider:1 | Reached XP level 16. HP: 97/108 MP: 21/21
 21717 | Spider:1 | Reached skill level 9 in Shields
 21995 | Spider:2 | Reached skill level 9 in Dodging
 22012 | Spider:2 | Noticed Asterion
 22013 | Spider:2 | Killed Asterion
 22519 | Spider:2 | Reached skill level 9 in Armour
 22548 | Spider:2 | Found a corrupted altar of Lugonu.
 22561 | Spider:2 | Identified the +1 quick blade of the Original Sin {venom,
                  | *Contam rF++ Str-2 Int+8} (You acquired it on level 2 of
                  | the Spider Nest)
 22561 | Spider:2 | Identified the ring "Lutub" {rF+ Dex+5 Slay+5} (You
                  | acquired it on level 2 of the Spider Nest)
 22987 | Spider:2 | Got an ichor-stained chain mail
 23659 | Spider:3 | Entered Level 3 of the Spider Nest
 23673 | Spider:3 | Identified the +7 dagger of Charity {freeze, rC+} (You
                  | found it on level 12 of the Dungeon)
 23677 | Spider:3 | Found a frozen archway.
 23685 | Spider:3 | Identified the +6 chain mail of Recklessness {rC- Int+8}
                  | (You found it on level 2 of the Spider Nest)
 23710 | IceCv    | Entered an ice cave
 23781 | IceCv    | Got a pair of transparent boots
 23792 | IceCv    | Identified the cursed +0 pair of boots "Goxot" {rElec rCorr
                  | Str+2} (You found it in an ice cave)
 23877 | IceCv    | Noticed an Ice Fiend
 23893 | IceCv    | Killed an Ice Fiend
 23898 | IceCv    | Reached skill level 16 in Fighting
 23953 | IceCv    | Got an ivory demon blade
 24027 | Spider:3 | Reached skill level 10 in Dodging
 24046 | Spider:3 | Reached skill level 10 in Shields
 24053 | Spider:3 | Reached XP level 17. HP: 115/115 MP: 22/22
 24407 | Spider:3 | Reached skill level 10 in Armour
 24429 | Spider:3 | Reached skill level 11 in Dodging
 24789 | Spider:3 | Identified a lightning rod (4/4) (You found it on level 6
                  | of the Lair of Beasts)
 24789 | Spider:3 | Got a gossamer rune of Zot
 24989 | Lair:2   | Found a staircase to the Swamp.
 25214 | Swamp:1  | Entered Level 1 of the Swamp
 25539 | Swamp:1  | Reached skill level 11 in Shields
 25863 | Swamp:3  | Entered Level 3 of the Swamp
 25901 | Swamp:3  | Reached XP level 18. HP: 114/122 MP: 23/23
 26055 | Swamp:3  | Reached skill level 12 in Dodging
 26094 | Swamp:3  | Reached skill level 11 in Armour
 26101 | Swamp:3  | Reached skill level 17 in Fighting
 26158 | Swamp:3  | Got a decaying rune of Zot
 26405 | Elf:1    | Entered Level 1 of the Elven Halls
 26432 | Elf:1    | Reached skill level 12 in Shields
 26455 | Elf:1    | Found a runed translucent gate.
 26455 | Elf:1    | Found a runed translucent gate.
 26455 | Elf:1    | Found a runed translucent gate.
 26455 | Elf:1    | Found a runed translucent gate.
 26455 | Elf:1    | Found a runed translucent gate.
 26457 | Elf:1    | Found a runed translucent gate.
 26474 | Elf:1    | Reached skill level 13 in Dodging
 26841 | Elf:1    | Reached XP level 19. HP: 128/128 MP: 24/24
 27331 | Elf:2    | Found Vinugeqebu's Jewellery Boutique.
 27770 | Elf:2    | Found a runed gate.
 27770 | Elf:2    | Found a runed gate.
 27770 | Elf:2    | Found a runed gate.
 27911 | Elf:2    | Reached skill level 12 in Armour
 28251 | Elf:3    | Entered Level 3 of the Elven Halls
 28522 | Elf:3    | Found a runed translucent gate.
 28522 | Elf:3    | Found a runed translucent gate.
 28522 | Elf:3    | Noticed a tentacled monstrosity
 28526 | Elf:3    | Found a runed translucent gate.
 28526 | Elf:3    | Noticed a tentacled monstrosity
 28703 | Elf:3    | Reached skill level 14 in Dodging
 28853 | Elf:3    | Reached skill level 13 in Shields
 29088 | Elf:3    | Noticed a Hell Sentinel
 29091 | Elf:3    | Identified the +10 glaive "Qiowken" {speed, Str+4}
 29103 | Elf:3    | Identified the cursed +1 war axe of Uwauj {freeze, Dex+5}
 29103 | Elf:3    | Identified the +6 arbalest of Articulation {penet, rElec}
 29108 | Elf:3    | Reached skill level 18 in Fighting
 29108 | Elf:3    | Reached XP level 20. HP: 54/136 MP: 25/25
 29250 | Elf:3    | Identified the +7 quarterstaff "Cehar" {speed, Int+4 SInv}
 29525 | Elf:3    | Identified the +9 large shield of the Unbroken {rElec MR+}
 29561 | Elf:3    | Identified Culot's Catalogue of Unholy Arts
 30662 | D:10     | Identified the +7 great mace of Callousness {crush, rPois
                  | rC+ rN+} (You found it on level 3 of the Lair of Beasts)
 30838 | Orc      | Bought a fan of gales (2/2) for 390 gold pieces
 30979 | Vaults:1 | Entered Level 1 of the Vaults
 30979 | Vaults:1 | Found Celomnoe's Weapon Shop.
 31033 | Vaults:1 | Reached skill level 15 in Dodging
 31089 | Vaults:1 | Reached skill level 13 in Armour
 31262 | Vaults:1 | Reached skill level 14 in Shields
 31297 | Vaults:1 | Noticed Bai Suzhen
 31303 | Vaults:1 | Killed Bai Suzhen
 31435 | Vaults:1 | Identified the ring "Fokhytt" {Ice rElec Str-3 Int+6 Dex-5}
 31579 | Vaults:1 | Reached XP level 21. HP: 142/142 MP: 26/26
 32360 | Vaults:2 | Found a flickering gateway to a bazaar.
 32361 | Vaults:2 | Found Sitasomo's Assorted Antiques.
 32375 | Vaults:2 | Found Xusaixuniu's Jewellery Shoppe.
 32385 | Bazaar   | Entered a bazaar
 32385 | Bazaar   | Found Bihuoz's Weapon Shoppe.
 32385 | Bazaar   | Found Gaat's Distillery.
 32387 | Bazaar   | Found Fiedahe's Assorted Antiques.
 32397 | Bazaar   | Bought a scroll of fear for 105 gold pieces
 32403 | Bazaar   | Found Sojaikenn's Weapon Emporium.
 32421 | Bazaar   | Bought a potion of agility for 48 gold pieces
 32431 | Bazaar   | Bought a scroll of revelation for 84 gold pieces
 32461 | Vaults:2 | Bought a potion of cancellation for 190 gold pieces
 32480 | Vaults:2 | Bought the ring of Hoetos {AC+6 Dex+6 Stlth-} for 1791 gold
                  | pieces
 32794 | Vaults:2 | Reached skill level 16 in Dodging
 33291 | Vaults:2 | Found Biedac's Jewellery Boutique.
 33342 | Vaults:2 | Reached skill level 19 in Fighting
 33675 | Vaults:2 | Found a staircase to the Crypt.
 33718 | Vaults:3 | Entered Level 3 of the Vaults
 33721 | Vaults:3 | Reached skill level 14 in Armour
 33728 | Vaults:3 | Reached skill level 15 in Shields
 33734 | Vaults:3 | Reached XP level 22. HP: 150/150 MP: 27/27
 33750 | Vaults:3 | Reached skill level 17 in Dodging
 33933 | Vaults:3 | Identified the Reference Book on Good Luck and Snow
 34022 | Vaults:3 | Identified the ring "Puomewesh" {*Corrode +Blink rF+ AC+2}
 34097 | Vaults:3 | Identified the cursed +2 quarterstaff of the Other Side
                  | {freeze, +Rage rF++ rC+ rN+}
 34282 | Vaults:3 | Noticed a golden dragon
 34288 | Vaults:3 | Killed a golden dragon
 34295 | Vaults:3 | Reached XP level 23. HP: 156/156 MP: 28/28
 34494 | Vaults:3 | Identified the Papyrus of the Ashen Glacier
 34505 | Vaults:3 | Got a silver rune of Zot
 34580 | Vaults:3 | Identified the +4 plate armour of Elitism {MR+ Int+3}
 34603 | Vaults:3 | Identified the +10 plate armour of the Skies Above {rCorr
                  | Str+2 Int-2 SInv}
 34747 | Vaults:3 | Upgraded the game from bcrawl-1.41 to bcrawl-1.41.1
 35039 | Orc      | Bought the ring "Fasku" {Fire rN+} for 436 gold pieces
 35140 | D:10     | Bought a scroll of enchant weapon for 217 gold pieces
 35310 | D:12     | Found a staircase to the Depths.
 35558 | D:12     | Reached skill level 15 in Armour
 35558 | D:12     | Reached skill level 16 in Shields
 35608 | D:12     | Found Ketughoeps's Distillery.
 35616 | D:12     | Bought a potion of might for 64 gold pieces
 35616 | D:12     | Bought a potion of mutation for 128 gold pieces
 35616 | D:12     | Bought a potion of agility for 64 gold pieces
 35616 | D:12     | Bought a potion of agility for 64 gold pieces
 35616 | D:12     | Bought a potion of curing for 40 gold pieces
 35616 | D:12     | Bought a potion of might for 64 gold pieces
 35793 | D:12     | Reached skill level 18 in Dodging
 35813 | D:12     | Identified the +2 shortbow "Yryguali" {seek, rElec rN+ MR-
                  | Stlth+} (You acquired it on level 12 of the Dungeon)
 35813 | D:12     | Identified the ring "Borchaaf" {Int+3 Slay+2} (You acquired
                  | it on level 12 of the Dungeon)
 36205 | Depths:1 | Entered Level 1 of the Depths
 36233 | Depths:1 | Found a runed door.
 36263 | Depths:1 | Found a portal to a secret trove of treasure.
 36471 | Depths:1 | Noticed Nikola
 36474 | Depths:1 | Reached skill level 20 in Fighting
 36476 | Depths:1 | Killed Nikola
 36633 | Depths:1 | Found a gateway to Hell.
 36913 | Depths:2 | Identified the +0 robe "Ziusm" {rF+}
 37061 | Depths:2 | Reached skill level 19 in Dodging
 37241 | Depths:2 | Identified the Almanac of the Congealing Arsonist
 37433 | Depths:4 | Noticed Mara
 37447 | Depths:4 | Noticed Artagas's illusion
 37452 | Depths:4 | Killed Mara
 37453 | Depths:4 | Reached XP level 24. HP: 149/164 MP: 28/28
 37968 | Depths:2 | Found a huge runed gate.
 37968 | Depths:2 | Found a huge runed gate.
 37968 | Depths:2 | Found a huge runed gate.
 37968 | Depths:2 | Found a huge runed gate.
 37968 | Depths:2 | Found a huge runed gate.
 37968 | Depths:2 | Found a huge runed gate.
 37988 | Depths:2 | Found a huge runed gate.
 37988 | Depths:2 | Found a huge runed gate.
 37988 | Depths:2 | Found a huge runed gate.
 37988 | Depths:2 | Found a huge runed gate.
 38051 | Depths:5 | Entered Level 5 of the Depths
 38051 | Depths:5 | Noticed a juggernaut
 38054 | Depths:5 | Noticed an ancient lich
 38059 | Depths:5 | Killed an ancient lich
 38063 | Depths:5 | Killed a juggernaut
 38064 | Depths:5 | Reached skill level 20 in Dodging
 38078 | Depths:5 | Reached skill level 17 in Shields
 38106 | Depths:5 | Noticed a golden dragon
 38116 | Depths:5 | Killed a golden dragon
 38148 | Depths:5 | Found a gate to the Realm of Zot.
 38194 | Depths:5 | Reached skill level 16 in Armour
 38201 | Zot:1    | Entered Level 1 of the Realm of Zot
 38206 | Zot:1    | Noticed a golden dragon
 38214 | Zot:1    | Killed a golden dragon
 38630 | Zot:2    | Reached skill level 21 in Dodging
 38673 | Zot:1    | Noticed a golden dragon
 38688 | Zot:1    | Killed a golden dragon
 38959 | Zot:5    | Entered Level 5 of the Realm of Zot
 38959 | Zot:5    | Noticed an orb of fire
 38968 | Zot:5    | Killed an orb of fire
 38969 | Zot:5    | Reached XP level 25. HP: 79/170 MP: 28/28
 38977 | Zot:5    | Noticed a golden dragon
 38987 | Zot:5    | Killed a golden dragon
 38991 | Zot:5    | Reached skill level 21 in Fighting
 39101 | Zot:5    | Noticed an orb of fire
 39105 | Zot:5    | Killed an orb of fire
 39106 | Zot:5    | Noticed an orb of fire
 39109 | Zot:5    | Gained mutation: Scrolls take you a little longer to read.
                  | [an orb of fire]
 39112 | Zot:5    | Noticed a Killer Klown
 39113 | Zot:5    | Killed an orb of fire
 39113 | Zot:5    | Noticed a Killer Klown
 39116 | Zot:5    | Killed a Killer Klown
 39116 | Zot:5    | Killed a Killer Klown
 39119 | Zot:5    | Noticed a Killer Klown
 39120 | Zot:5    | Reached skill level 18 in Shields
 39122 | Zot:5    | Noticed a Killer Klown
 39122 | Zot:5    | Killed a Killer Klown
 39123 | Zot:5    | Reached skill level 22 in Dodging
 39126 | Zot:5    | Noticed an orb of fire
 39128 | Zot:5    | Killed an orb of fire
 39129 | Zot:5    | Killed a Killer Klown
 39130 | Zot:5    | Reached skill level 17 in Armour
 39153 | Zot:5    | Reached XP level 26. HP: 177/177 MP: 28/28
 39168 | Zot:5    | Noticed an orb of fire
 39174 | Zot:5    | Killed an orb of fire
 39200 | Zot:5    | Got the Orb of Zot
 39230 | Zot:5    | Noticed an ancient lich
 39241 | Zot:5    | Killed an ancient lich
 39318 | Zot:3    | Noticed Baipirun the pandemonium lord
 39318 | Zot:3    | Noticed an ancient lich
 39547 | D:11     | Noticed Ygia the pandemonium lord
 39553 | D:11     | Killed Ygia the pandemonium lord
 39659 | D:5      | Noticed Axiqaj the pandemonium lord
 39804 | D:$      | Escaped with the Orb!

Skill      XL: |  1  2  3  4  5  6  7  8  9 10 11 12 13 14 15 16 17 18 19 20 21 22 23 24 25 |
---------------+----------------------------------------------------------------------------+-----
Fighting       | 3 4 5 6 7 9 10 11 12 14 15 16 17 18 19 20 21 | 21.8
Short Blades   | 3 4 5 6 7 9 10 11 13 14 | 14.0
Stealth        | 4 5 6 |  6.0
Armour         | 1 3 5 6 8 9 10 11 12 13 14 15 16 17 | 17.5
Evocations     | 1 3 4 6 |  6.0
Dodging        | 4 5 6 8 10 11 13 14 15 16 17 19 21 22 | 22.7
Shields        | 4 6 8 10 11 12 13 14 15 16 17 18 | 18.7
Invocations    | |  2.0

Action                   |  1- 3 |  4- 6 |  7- 9 | 10-12 | 13-15 | 16-18 | 19-21 | 22-24 | 25-27 || total
-------------------------+-------+-------+-------+-------+-------+-------+-------+-------+-------++-------
Melee: Short sword       |   116 |   200 |    86 |       |       |       |       |       |       ||   402
       Bite              |    16 |    22 |    27 |    83 |   185 |   266 |   293 |   251 |    98 ||  1241
       Rapier            |       |       |   164 |   564 |  1297 |   118 |       |       |       ||  2143
       Quick blade       |       |       |       |       |    19 |  1292 |  1325 |  1176 |   426 ||  4238
Throw: Tomahawk          |       |       |    66 |    73 |    19 |     3 |     8 |    15 |     1 ||   185
       Javelin           |       |       |       |     3 |    16 |       |       |       |       ||    19
       Throwing net      |       |       |       |       |     2 |       |       |       |       ||     2
Invok: Heavenly Storm    |       |       |       |     1 |    13 |    10 |     9 |     8 |     4 ||    45
 Abil: Whirlwind         |       |     6 |    72 |   170 |   488 |   414 |   269 |   383 |   166 ||  1968
       Lunge             |       |     4 |    19 |    25 |    89 |    72 |    97 |    87 |    26 ||   419
       Wall Jump         |       |       |     4 |       |     3 |       |       |       |       ||     7
       Serpent's Lash    |       |       |     3 |     9 |    24 |    16 |    12 |    14 |    10 ||    88
Evoke: Wand              |       |       |     2 |    14 |     9 |     9 |     1 |     1 |     6 ||    42
       Lamp of fire      |       |       |       |       |       |       |     1 |       |       ||     1
       Phial of floods   |       |       |       |       |       |       |     1 |       |       ||     1
  Use: Scroll            |     1 |     7 |     3 |    14 |    12 |     9 |     6 |    11 |     1 ||    64
       Potion            |       |       |       |       |     2 |       |     3 |       |     2 ||     7
 Stab: Sleeping          |    10 |     7 |    10 |    11 |     2 |     2 |    10 |       |       ||    52
       Distracted        |       |     1 |     1 |       |       |     1 |     2 |       |     1 ||     6
       Held in net/web   |       |       |       |       |     4 |     1 |       |       |       ||     5
       Confused          |       |       |       |       |       |     1 |       |       |       ||     1
       Paralysed         |       |       |       |       |       |       |       |       |     1 ||     1
  Eat: Chunk             |     4 |    13 |    21 |    32 |    43 |    34 |    41 |    22 |       ||   210
       Ration            |       |       |       |     2 |     4 |     6 |     1 |     6 |     4 ||    23
Armor: Robe              |     8 |    12 |       |       |       |       |       |       |       ||    20
       Ring mail         |       |     5 |    31 |     6 |    11 |       |       |       |       ||    53
       Leather armour    |       |     4 |       |       |       |       |       |       |       ||     4
       Troll leather arm |       |       |       |    48 |     1 |       |       |       |       ||    49
       Chain mail        |       |       |       |       |    58 |       |       |       |       ||    58
       Scale mail        |       |       |       |       |    83 |    41 |       |       |       ||   124
       Shadow dragon sca |       |       |       |       |       |   169 |    46 |    13 |       ||   228
       Plate armour      |       |       |       |       |       |       |       |    49 |    30 ||    79
Dodge: Dodged            |    59 |   120 |   108 |   241 |   316 |   263 |   119 |    96 |    43 ||  1365
Block: Buckler           |       |       |     1 |   100 |       |       |       |       |       ||   101
       Medium shield     |       |       |       |    41 |   360 |   541 |    91 |       |       ||  1033
       Reflection        |       |       |       |       |     1 |    16 |    67 |    66 |     9 ||   159
       Large shield      |       |       |       |       |       |       |   475 |   570 |   168 ||  1213

Levels and vault maps discovered:
D:1:      erik_arrival_cave_to_civilisation [erik_arrival_cave_to_temple],
          layout_basic, amcnicky_mini_pool_small, supply_closet_lemuel
D:2:      layout_basic, nicolae_overflow_hidden_temple
D:3:      layout_loops_ring, first_ration, nicolae_ru_sacrificial_ziggurat
D:4:      layout_loops_ring, lemuel_crystal_altar, nzn_wu_jian_contemplation,
          serial_co_window_serial, co_window_of_opportunity_a,
          co_window_of_opportunity_a, co_window_corner_a, co_window_paths_a,
          co_window_paths_a, co_window_2corner, co_window_unsneaky_path_a,
          co_window_of_opportunity_c, glass_columns_b, glass_columns_b,
          glass_columns_a, glass_columns_c, glass_columns_c
D:5:      layout_layer_cave, minmay_temple_entry_mist, serial_shops,
          shop_fountains
D:6:      layout_loops_ring, xom_butterflies, bloody_makhleb,
          uniq_prince_ribbit1, uniq_edmund, uniq_crazy_yiuf_cottage
D:7:      layout_cave_pools, kennysheep_mini, grunt_livestock, uniq_joseph,
          uniq_duvessa
D:8:      layout_basic, lemuel_crystal_altar, dpeg_lair_monsters, serial_shops,
          kennysheep_little_box, chequers_serial_rivers_large_a, uniq_psyche
D:9:      minmay_spotlight, layout_loops_ring, grunt_temple_overflow_open,
          serial_glass, glass_columns_a, glass_columns_a, glass_columns_b,
          glass_columns_a, glass_columns_c, glass_columns_a, glass_columns_b,
          glass_columns_b, glass_columns_a, glass_columns_a, glass_columns_a,
          glass_columns_a, glass_columns_a, glass_columns_a,
          nicolae_tso_swordbearing_angel
D:10:     layout_loops_cross, serial_shops, shop, enter_bailey_2, uniq_harold,
          uniq_frances
D:11:     layout_basic, minmay_orc_entry_temple_small,
          minmay_the_grid_square_5x5_3x3_mashed
          [minmay_the_grid_square_5x5_shrine1,
          minmay_the_grid_square_5x5_six_small,
          minmay_the_grid_square_5x5_inner_v,
          minmay_the_grid_square_5x5_shuriken,
          minmay_the_grid_square_5x5_megaprize_open,
          minmay_the_grid_square_5x5_n_small,
          minmay_the_grid_square_5x5_misaligned,
          minmay_the_grid_square_5x5_plus, minmay_the_grid_square_5x5_fat_x]
D:12:     gammafunk_depths_entry_grave, layout_loops_corners,
          ximxim_vaults_locker_room, amcnicky_mini_rare_corridor_liquid,
          serial_shops, shop
Lair:1:   layout_roguey, beast_lair_carwin_11, uniq_nergalle, uniq_urug
Lair:2:   layout_layer_cave, palyth_hydra_swamp_entry,
          spider_nest_entry_funnel_web, minivault_23, minmay_stone_trees_small,
          grunt_megastairs_1, serial_bayou_shore_b
Lair:3:   layout_hall_layers
Lair:4:   layout_hall_layers, pf_torpor_hydra, uniq_sonja
Lair:5:   gammafunk_lair_enchanted_lake, layout_cave_pods, basic_altar
Lair:6:   minmay_lair_end_frog_pond, layout_regular_city, enter_volcano_1
Swamp:1:  layout_basic_swamp, evilmike_swamp_ruin_house_5, swamp_pool3,
          uniq_louise
Swamp:2:  layout_falls_marsh, evilmike_swamp_ruin_house_4
Swamp:3:  swamp, layout_basic_swamp
Spider:1: layout_spider_delve
Spider:2: layout_chambers, amcnicky_altar_lugonu_corruption,
          nicolae_spider_cling_halls, uniq_asterion
Spider:3: guppyfry_spider_rune, portal_ice_cave_entry_pillars_1,
          guppyfry_spider_mini_1
Orc:      st_orc_pillars, layout_caves, slime_altar_1, basic_altar,
          serial_shops, shop, shop_fountains, shop, shop
Elf:1:    layout_loops_ring, orc_legates, spider_trap
Elf:2:    nicolae_elf_blades_splatter_lattice [nicolae_blade_entry_pointy_end],
          layout_loops_cross, serial_shops, shop
Elf:3:    minmay_elf_hall_not_hex, layout_onion_city,
          ploomutoo_gammafunk_ghost_potion_laboratory,
          fake_guardian_serpent_vault
Vaults:1: nicolae_vaults_network_periphery, vaults_mumra_hex,
          nicolae_vaults_arrows, v_rooms_4, hangedman_vaults_capsules,
          grunt_vaults_swirl, nicolae_vaults_specimen_jars,
          hangedman_vaults_corner_blocks, layout_vaults_omnicross, serial_shops,
          shop, uniq_bai_suzhen
Vaults:2: hangedman_vaults_unwind, minmay_crypt_entry_simple_box, v_misc_2,
          hangedman_vaults_stagger, v_misc_3, v_alt_pattern_1,
          ontoclasm_vaults_decontamination, v_pattern_1,
          nicolae_vaults_puzzle_piece, v_alt_pattern_3, v_misc_13,
          layout_vaults_omnibox, serial_shops, bzr_entry_dummy,
          nicolae_shop_waterfront, shop, shop
Vaults:3: serial_shops
Depths:1: layout_big_octagon, chequers_serial_rivers_micro_c, enter_trove_5,
          hell_entry, rand_demon_pan_entry_1, lightli_giant_bouncers,
          serial_bayou_shore_b, uniq_nikola
Depths:2: minmay_sliced_demisemicircle, layout_long_grid, hell_entry,
          abyss_entry_glasseish, serial_bayou_pond_d, minmay_fountain_box,
          not_door_vault_due
Depths:3: emtedronai_trogs_sanctum, layout_cave_pools, hell_entry,
          rand_demon_pan_entry_3, grunt_decor_one_mirror,
          minmay_staircase_windowed_small
Depths:4: minmay_triangles_in_corner, layout_gridlike, enter_ziggurat_f,
          hell_entry, abyss_entry, serial_co_window_serial, co_window_paths_a,
          co_window_paths_b, co_window_paths_a, co_window_paths_b,
          co_window_paths_a, co_window_paths_a, co_window_paths_a,
          co_window_paths_c, co_window_cross_2, co_window_unsneaky_path_e,
          co_window_of_opportunity_b, co_window_4corner_b, co_window_paths_e,
          glass_columns_b, glass_columns_b, glass_columns_a, glass_columns_b,
          uniq_mara
Depths:5: evilmike_zot_entry_diamond, layout_gridlike, abyss_entry, hell_entry,
          pan_entry, special_room [special_room_mythical_zoo],
          hangedman_glass_teeth
Zot:1:    lemuel_firehouse, layout_cathedral_of_symmetry,
          regret_index_zotdec_zees
Zot:2:    minmay_elemental_castle, layout_twisted_circle,
          hangedman_zot_wheel_spokes
Zot:3:    gammafunk_sealed_library, layout_gridlike
Zot:4:    layout_basic
Zot:5:    layout_twisted_circle, nicolae_lava_and_water

Table legend:
 A = Turns spent in this place as a percentage of turns spent in the entire game.
 B = Non-inter-level travel turns spent in this place as a percentage of non-inter-level travel turns spent in the entire game.
 C = Inter-level travel turns spent in this place as a percentage of turns spent in this place.
 D = Turns resting spent in this place as a percentage of non-inter-level travel turns spent in this place.
 E = Turns spent auto-exploring this place as a percentage of non-inter-level travel turns spent in this place.
 F = Non-inter-level travel turns spent in this place divided by the number of levels of this place that you've seen.
                   A       B       C       D       E      F
               +-------+-------+-------+-------+-------+----------------------
         Total | 100.0 | 100.0 |  12.8 |   4.5 |  63.3 | 771.5
       Dungeon |  36.0 |  35.2 |  14.8 |   3.1 |  67.1 | 1017.8
          Lair |  18.6 |  18.3 |  14.3 |   2.8 |  70.1 | 1056.3
         Swamp |   2.1 |   2.1 |  13.6 |   0.4 |  40.9 | 241.3
   Spider Nest |   9.5 |   9.0 |  17.2 |   1.0 |  75.0 | 1044.0
  Orcish Mines |   2.1 |   1.8 |  25.6 |   0.0 |  74.5 | 628.0
   Elven Halls |   9.8 |  10.5 |   6.2 |   8.4 |  65.9 | 1216.7
        Vaults |  10.2 |  10.6 |   9.4 |   0.4 |  69.2 | 1227.0
        Depths |   4.5 |   4.5 |  14.2 |   2.3 |  44.4 | 310.0
           Zot |   3.0 |   3.3 |   3.9 |  37.7 |   0.0 | 227.4
        Bazaar |   0.2 |   0.2 |   0.0 |   0.0 |  43.7 |  71.0
        Bailey |   1.5 |   1.7 |   0.0 |   0.0 |  68.1 | 580.0
      Ice Cave |   0.8 |   0.9 |   0.0 |   1.0 |  13.7 | 314.0
       Volcano |   1.8 |   2.0 |   0.0 |  23.4 |  14.4 | 700.0
               +-------+-------+-------+-------+-------+----------------------

Table legend:
 A = Kills in this place as a percentage of kills in entire the game.
 B = Kills by you in this place as a percentage of kills by you in the entire game.
 C = Kills by friends in this place as a percentage of kills by friends in the entire game.
 D = Other kills in this place as a percentage of other kills in the entire game.
 E = Experience gained in this place as a percentage of experience gained in the entire game.
 F = Experience gained in this place divided by the number of levels of this place that you have seen.
                   A       B       C       D       E      F
               +-------+-------+-------+-------+-------+----------------------
         Total | 100.0 | 100.0 | 100.0 | 100.0 | 100.0 | 26493.0
       Dungeon |  21.8 |  22.1 |  50.0 |   5.7 |   8.3 | 8291.3
          Lair |   9.7 |   9.9 |  50.0 |   0.0 |   4.3 | 8492.7
         Swamp |   6.3 |   6.4 |   0.0 |   0.0 |   5.1 | 20425.7
   Spider Nest |   9.2 |   9.3 |   0.0 |   5.7 |   6.7 | 26519.3
  Orcish Mines |   4.6 |   4.7 |   0.0 |   0.0 |   1.0 | 12126.0
   Elven Halls |   9.9 |   9.2 |   0.0 |  51.4 |  12.9 | 51141.7
        Vaults |  18.5 |  18.4 |   0.0 |  25.7 |  23.1 | 91926.0
        Depths |   7.7 |   7.7 |   0.0 |   8.6 |  13.7 | 32559.2
           Zot |   7.3 |   7.5 |   0.0 |   0.0 |  23.3 | 55674.2
        Bailey |   2.3 |   2.3 |   0.0 |   0.0 |   0.3 | 3809.0
      Ice Cave |   1.5 |   1.5 |   0.0 |   2.9 |   0.7 | 8408.0
       Volcano |   1.1 |   1.2 |   0.0 |   0.0 |   0.5 | 6185.0
               +-------+-------+-------+-------+-------+----------------------
